 Dungeon Crawl Stone Soup version 0.17.2-2-g6415ff710d (webtiles) character file.

74 Goblin1989 the Cutter (level 4, -1/28 HPs)
             Began as a Kobold Berserker on Mar 7, 2023.
             Was a Believer of Trog.
             Slain by an orc
             ... wielding a +0 hand axe
              (2 damage)
             ... on level 4 of the Dungeon.
             The game lasted 00:03:54 (2234 turns).

Goblin1989 the Cutter (Kobold Berserker)            Turns: 2234, Time: 00:03:54

Health: -1/28      AC:  4    Str: 15    XL:     4   Next: 52%
Magic:  4/4        EV: 16    Int:  5    God:    Trog [**....]
Gold:   54         SH:  0    Dex: 16    Spells: 0 memorised, 3 levels left

rFire  . . .     SeeInvis +     a - +0 short sword
rCold  . . .     Clarity  .     b - +0 animal skin
rNeg   . . .     SustAt   .     (shield restricted)
rPois  .         Gourm    .     f - +0 hat {SInv}
rElec  .         Spirit   .     e - +0 cloak
rCorr  .         Warding  .     (no gloves)
rMut   .         Stasis   .     m - +0 pair of boots
MR     .....                    (no amulet)
Stlth  +.........               (no ring)
                                (no ring)

@: exhausted, flying, slowed, very slow, not resistant to hostile enchantments,
very unstealthy
A: carnivore 3
a: Berserk, Trog's Hand, Burn Spellbooks, Renounce Religion


You were on level 4 of the Dungeon.
You worshipped Trog.
Trog was pleased with you.
You were very full.

You visited 1 branch of the dungeon, and saw 3 of its levels.

You collected 54 gold pieces.

Inventory:

Hand Weapons
 a - a +0 short sword (weapon)
Armour
 b - a +0 animal skin (worn)
 e - a +0 cloak (worn)
 f - a +0 hat of see invisible (worn)
 m - a +0 pair of boots (worn)
Jewellery
 d - a +5 ring of evasion {unknown}
 o - an uncursed amulet of resist corrosion {unknown}
Scrolls
 g - 4 scrolls of identify {unknown}
 h - 2 scrolls of teleportation {unknown}
 i - a scroll of enchant armour {unknown}
 n - a scroll of remove curse {unknown}
Potions
 k - a potion of brilliance {unknown}
Comestibles
 c - a meat ration {@e2}


   Skills:
 + Level 3.6 Fighting
 * Level 5.3 Short Blades
 + Level 2.1 Armour
 + Level 3.1 Dodging


You had 3 spell levels left.
You didn't know any spells.

Dungeon Overview and Level Annotations

Branches:
Dungeon (4/15)
 Temple: D:4-7

Altars:
Ashenzari
Elyvilon
Makhleb
Qazlal
Xom


Innate Abilities, Weirdness & Mutations

You are small and have problems with some larger weapons.
You are carnivorous and can eat meat at any time.


Message History

The orc is almost dead.
The orc hits you but does no damage.
You hit the orc.
You kill the orc!
Trog accepts your kill.
An orc priest and an orc wizard come into view.
The orc priest shouts!
The orc wizard shouts!
Things that are here:
a flail; an orc corpse You hit the orc wizard but do no damage.
You hit the orc wizard.
The orc wizard is lightly wounded.
The orc wizard points at you and mumbles some strange words.
The puff of flame hits you!
You take 8 damage, and have 20/28 hp.
O_OOPS!!
MASSIVE DAMAGE!!
You barely miss the orc wizard.
The orc wizard is lightly wounded.
You completely miss the orc wizard.
The orc wizard is lightly wounded.
The orc wizard closely misses you. The orc closely misses you.
You hit the orc wizard but do no damage.
The orc wizard is lightly wounded.
The orc wizard closely misses you. The orc hits you with a hand axe.
You are too injured to fight recklessly!
You take 4 damage, and have 16/28 hp.
You are too injured to fight recklessly!
You are too injured to fight recklessly!
You are too injured to fight recklessly!
You are too injured to fight recklessly!
You are too injured to fight recklessly!
You are too injured to fight recklessly!
You are too injured to fight recklessly!
You are too injured to fight recklessly!
You are too injured to fight recklessly!
You are too injured to fight recklessly!
You are too injured to fight recklessly!
You are too injured to fight recklessly!
You are too injured to fight recklessly!
You are too injured to fight recklessly!
You are too injured to fight recklessly!
You are too injured to fight recklessly!
You are too injured to fight recklessly!
You are too injured to fight recklessly!
A red film seems to cover your vision as you go berserk!
You feel yourself moving faster!
You feel mighty! The orc wizard casts a spell at you.
You are confused.
The orc priest hits you with a whip.
You now have 19/42 hp.
You miss the orc priest. The orc hits you but does no damage.
You bump into the rock wall.
You feel a strong urge to attack something.
You bump into the rock wall.
You are no longer berserk.
You are exhausted.
You feel yourself slow down.
You now have 14/28 hp.
You bump into the rock wall.
The orc wizard barely misses you. The orc priest closely misses you.
The orc wizard closely misses you.
Unknown command.
Unknown command.
You hit the orc wizard but do no damage.
The orc wizard is lightly wounded.
The orc wizard closely misses you. The orc misses you.
The orc wizard gestures at you while chanting.
The puff of flame hits you!
* * * LOW HITPOINT WARNING * * *
The orc throws a tomahawk.
The tomahawk barely misses you.
The orc wizard hits you but does no damage.
You take 8 damage, and have 6/28 hp.
O_OOPS!!
MASSIVE DAMAGE!!
Drink which item? (? for menu, Esc to quit)
It was a potion of heal wounds.
You feel much better.
You feel less confused.
The orc throws a tomahawk.
The tomahawk completely misses you.
The orc wizard hits you but does no damage.
The orc throws a tomahawk.
The tomahawk hits you.
You regained 21 hp, and now have 27/28 hp.
You hit the orc wizard but do no damage.
The orc wizard is lightly wounded.
The orc priest miscasts a cantrip.
The orc wizard hits you but does no damage.
The orc throws a tomahawk.
The tomahawk misses you.
You barely miss the orc wizard.
The orc wizard is lightly wounded.
The orc wizard gestures wildly while chanting.
The orc wizard flickers and vanishes for a moment.
You closely miss the orc wizard.
The orc wizard is lightly wounded.
The orc wizard hits you with a dagger. The orc hits you with a hand axe.
The orc wizard points at you and mumbles some strange words.
The puff of flame hits you!
The orc priest calls down the wrath of Beogh upon you.
Something smites you!
Ouch! That really hurt!
* * * LOW HITPOINT WARNING * * *
You take 26 damage, and have 1/28 hp.
O_OOPS!!
MASSIVE DAMAGE!!
Drink which item? (? for menu, Esc to quit)
It was a potion of flight.
You feel very buoyant.
You fly up into the air.
The orc hits you with a hand axe.
You die...

██....███
█.....
█.......██
█....
....█....███
█...
....███....██
█..█ ....█
███...███..█
.█..█
███...█..█
██..█
██...(.█
.█..█ ███...█
....█


███@██ ..█.█ █oo█ ....█ ██o█ .....█ █........█ .....█ ............█ .....█
............█ .....█ ...........██ .....██ ............ ......█ ..........█..
You could see an orc priest, an orc wizard (invisible) and an orc.

Vanquished Creatures
  A gnoll (D:1)
  2 adders (D:2)
  An ooze (D:2)
  4 giant geckos
  An orc (D:4)
  6 bats
  2 giant cockroaches (D:2)
  4 hobgoblins
  A giant gecko skeleton (D:4)
  7 goblins
  4 kobolds (D:1)
  A quokka (D:1)
  5 rats
39 creatures vanquished.

Notes
Turn   | Place    | Note
--------------------------------------------------------------
     0 | D:1      | Goblin1989 the Kobold Berserker began the quest for the Orb.
     0 | D:1      | Reached XP level 1. HP: 14/14 MP: 1/1
   110 | D:1      | Reached XP level 2. HP: 8/19 MP: 2/2
   444 | D:1      | Reached XP level 3. HP: 9/23 MP: 3/3
  1048 | D:2      | Reached ** piety under Trog
  1317 | D:2      | Reached skill level 5 in Short Blades
  1401 | D:2      | Found a burning altar of Makhleb.
  1401 | D:2      | Found a shimmering altar of Xom.
  1417 | D:2      | Reached XP level 4. HP: 28/28 MP: 4/4
  1562 | D:2      | Found a white marble altar of Elyvilon.
  1983 | D:2      | Found a stormy altar of Qazlal.
  2052 | D:2      | Found a shattered altar of Ashenzari.
  2162 | D:2      | You fall through a shaft for 2 floors!
  2233 | D:4      | HP: 1/28 [orc priest/divine providence (14)]
  2234 | D:4      | Slain by an orc

Action                   |  1- 3 |  4- 6 || total
-------------------------+-------+-------++-------
Melee: Short sword       |   103 |    30 ||   133
Invok: Berserk           |     1 |     3 ||     4
  Use: Potion            |       |     2 ||     2
 Stab: Sleeping          |     1 |     1 ||     2
  Eat: Chunk             |    11 |     4 ||    15

Vault maps used:
D:1:      lightli_arrival_noodles
D:2:      gammafunk_temple_overflow_elements, nicolae_overflow_hidden_temple,
          nicolae_qazlal_eye_of_the_storm, ashenzari_altar_1
